 Dungeon Crawl Stone Soup version 0.28.0-53-g5a82cb258f (webtiles) character file.

Game seed: 7943778021502323997

60 PhantomBowie the Skirmisher (level 4, -8/40 HPs)
             Began as a Hill Orc Fighter on May 24, 2022.
             Mangled by Crazy Yiuf
             ... wielding a +4 quarterstaff of chaos
              (11 damage)
             ... on level 2 of the Dungeon.
             The game lasted 00:06:06 (1387 turns).

PhantomBowie the Skirmisher (Hill Orc Fighter)      Turns: 1387, Time: 00:06:09

Health: -8/40      AC: 11    Str: 20    XL:     4   Next: 4%
Magic:  3/4        EV:  5    Int:  8    God:
Gold:   41         SH:  4    Dex: 10    Spells: 3/3 levels left

rFire   . . .      SeeInvis .   a - +0 war axe
rCold   . . .      Faith    .   c - +0 buckler
rNeg    . . .      Spirit   .   h - +0 plate armour
rPois   .          Reflect  .   (no helmet)
rElec   .          Harm     .   (no cloak)
rCorr   .          Rampage  .   (no gloves)
Will    .....                   (no boots)
Stlth   ..........              (no amulet)
HPRegen 0.13/turn               (no ring)
MPRegen 0.09/turn               (no ring)

@: mighty, lethally poisoned (-8 -> -12)
A: no striking features
a: no special abilities


You were on level 2 of the Dungeon.
You visited 1 branch of the dungeon, and saw 2 of its levels.

You collected 41 gold pieces.

Inventory:

Hand Weapons
 a - a +0 war axe (weapon)
Missiles
 i - 5 stones (quivered)
 k - 22 sling bullets
Armour
 b - a +0 scale mail
 c - a +0 buckler (worn)
 h - a +0 plate armour (worn)
Scrolls
 f - a scroll of immolation {unknown}
 g - a scroll of fear {unknown}
 l - 2 scrolls of identify {unknown}
 n - 2 scrolls of noise {unknown}
Potions
 e - a potion of haste {unknown}
 j - a potion of brilliance {unknown}
 m - a potion of attraction {unknown}
 o - a potion of ambrosia {unknown}


   Skills:
 + Level 4.2 Fighting
 + Level 3.6 Axes
 + Level 3.9 Armour
 + Level 3.8 Shields


You had 3 spell levels left.
You didn't know any spells.
Your spell library contained the following spells:

 Spells                   Type           Power      Damage    Failure   Level
 Animate Skeleton         Necr           0%         N/A       100%        1
 Pain                     Necr           0%         1d4       100%        1
 Vampiric Draining        Necr           0%         2d6       100%        3


Dungeon Overview and Level Annotations

Branches:
Dungeon (2/15)

Altars:
Elyvilon

Annotations:
D:2 Crazy Yiuf


Message History

Crazy Yiuf hits you with a +4 quarterstaff of chaos!
Crazy Yiuf burns you.
You closely miss Crazy Yiuf.
Crazy Yiuf is heavily wounded.
Crazy Yiuf hits you with a +4 quarterstaff of chaos.
You feel your power leaking away.
Crazy Yiuf hits you with a +4 quarterstaff of chaos.
Crazy Yiuf freezes you.
Sorry, you're not good enough to have a special ability.
You feel very mighty all of a sudden. Crazy Yiuf hits you but does no damage.
You feel mightier all of a sudden.
You are too injured to fight recklessly!
You barely miss Crazy Yiuf.
Crazy Yiuf is heavily wounded.
You block Crazy Yiuf's attack.
You closely miss Crazy Yiuf.
Crazy Yiuf is heavily wounded.
Crazy Yiuf grits, "Two!
Shower shrimp mobile."
Crazy Yiuf hits you with a +4 quarterstaff of chaos.
You barely miss Crazy Yiuf.
Crazy Yiuf is heavily wounded.
Crazy Yiuf hits you but does no damage.
You feel mightier all of a sudden. Crazy Yiuf hits you but does no damage.
You are poisoned.
You completely miss Crazy Yiuf.
Crazy Yiuf is heavily wounded.
You feel very sick.
Crazy Yiuf screams, "Millenium ragdoll foot!"
Crazy Yiuf hits you with a +4 quarterstaff of chaos!
* * * LOW HITPOINT WARNING * * *
Crazy Yiuf draws strength from your wounds!
You barely miss Crazy Yiuf.
Crazy Yiuf is lightly wounded.
* * * LOW HITPOINT WARNING * * *
You feel sick.
Crazy Yiuf cries, "Mountain forty-two tired!"
Crazy Yiuf hits you with a +4 quarterstaff of chaos!
You die...

#..#.......#
#..#.......#
...#.......#
##.#.#.##### ##.#.#.#
##.#.#.###♣♣♣♣♣
#..#.#..#...♣.♣♣♣ ###
#.##.#.....P.♣..♣#...#
#.##.#......♣♣♣♣@g...#
#.##.##.#..♣♣ ♣♣#..)#
#.##.#####♣♣ ###
.......# .......#
.......####
.......##.#
.......##.#
###.#####.###


You could see Crazy Yiuf.

Vanquished Creatures
  An adder (D:2)
  6 ball pythons (D:1)
  7 endoplasms
  3 giant cockroaches
  6 goblins
  3 hobgoblins
  3 jackals (D:1)
  4 kobolds
  A quokka (D:2)
  4 bats
  2 frilled lizards
  5 rats
45 creatures vanquished.

Notes
Turn   | Place    | Note
-------+----------+-------------------------------------------
     0 | D:1      | PhantomBowie the Hill Orc Fighter began the quest for the
                  | Orb.
     0 | D:1      | Reached XP level 1. HP: 19/19 MP: 1/1
    58 | D:1      | Found a faded altar of an unknown god.
    75 | D:1      | Reached XP level 2. HP: 27/27 MP: 2/2
   429 | D:1      | Reached skill level 4 in Fighting
   431 | D:1      | Reached XP level 3. HP: 33/33 MP: 3/3
   946 | D:2      | Found a runed translucent door.
   947 | D:2      | Noticed Crazy Yiuf
  1027 | D:2      | Found a white marble altar of Elyvilon.
  1052 | D:2      | Reached XP level 4. HP: 36/40 MP: 4/4
  1387 | D:2      | Mangled by Crazy Yiuf

Illustrated notes

Levels and vault maps discovered:
D:1:      minmay_arrival_split_and_join, layout_rooms,
          hellmonk_ecumenical_altar_heavens_door,
          minmay_misc_feat_secret_circle, minmay_distorted
D:2:      layout_rooms, basic_altar, uniq_crazy_yiuf_cottage

Skill      XL: |  1  2 |
---------------+-------+-----
Axes           | 3 |  3.6
Fighting       | 4 |  4.2
Armour         | |  3.9
Shields        | |  3.8

Action                   |  1- 3 |  4- 6 || total
-------------------------+-------+-------++-------
Melee: War axe           |   113 |    15 ||   128
  Use: Potion            |       |     1 ||     1
Armor: Scale mail        |    19 |       ||    19
       Plate armour      |    38 |     5 ||    43
Dodge: Dodged            |    43 |     1 ||    44
Block: Buckler           |    32 |     3 ||    35
